 Dungeon Crawl Stone Soup version 0.29-a0-472-ge5599a681e (webtiles) character file.

Game seed: 17127232783337475259

60 chopper the Covered (level 3, 0/33 HPs)
             Began as a Minotaur Fighter on May 23, 2022.
             Succumbed to a kobold's poison
             ... on level 3 of the Dungeon.
             The game lasted 00:10:18 (2360 turns).

chopper the Covered (Minotaur Fighter)              Turns: 2360, Time: 00:10:18

Health: 0/33       AC: 12    Str: 22    XL:     3   Next: 82%
Magic:  2/2        EV:  7    Int:  5    God:
Gold:   73         SH:  5    Dex: 15    Spells: 2/2 levels left

rFire   . . .      SeeInvis .   a - +0 war axe
rCold   . . .      Faith    .   c - +0 buckler
rNeg    . . .      Spirit   .   e - +0 chain mail
rPois   .          Reflect  .   (helmet restricted)
rElec   .          Harm     .   p - +2 cloak
rCorr   .          Rampage  .   (no gloves)
Will    .....                   (no boots)
Stlth   ..........              (no amulet)
HPRegen 0.11/turn               m - +6 ring of dexterity
MPRegen 0.08/turn               (no ring)

@: lethally poisoned (0 -> -5)
A: horns 2, retaliatory headbutt
a: no special abilities


You were on level 3 of the Dungeon.
You visited 1 branch of the dungeon, and saw 3 of its levels.

You collected 73 gold pieces.

Inventory:

Hand Weapons
 a - a +0 war axe (weapon)
Armour
 c - a +0 buckler (worn)
 e - a +0 chain mail (worn)
 p - a +2 cloak (worn)
Jewellery
 m - a +6 ring of dexterity (left hand)
Scrolls
 f - a scroll of enchant armour
 j - a scroll of magic mapping
 k - a scroll of fog {unknown}
 l - a scroll of poison {unknown}
 n - a scroll of teleportation {unknown}
Potions
 b - a potion of ambrosia {unknown}
 d - a potion of might
 g - a potion of mutation
 h - 2 potions of brilliance
 i - a potion of flight
 o - a potion of haste {unknown}


   Skills:
 + Level 4.2 Fighting
 + Level 3.3 Axes
 + Level 4.3 Armour
 + Level 0.7 Dodging
 + Level 4.0 Shields


You had 2 spell levels left.
You didn't know any spells.
Your spell library was empty.

Dungeon Overview and Level Annotations

Branches:
Dungeon (3/15)

Altars:
Okawaru

Shops:
D:2 =


Innate Abilities, Weirdness & Mutations

You have a pair of horns on your head.
You reflexively headbutt those who attack you in melee.


Message History

You kill the quokka!
Unknown command.
As you open the door, it creaks loudly!
A kobold comes into view.
It is wielding a +0 dagger and quivering poisoned darts.
The kobold shouts!
You hear a shout!
The kobold throws a poisoned dart.
The poisoned dart hits you!
You are poisoned.
You feel sick.
You feel sick.
You feel sick.
You see here 19 stones.
You feel sick.
You feel sick.
You feel sick.
You feel sick.
You are no longer poisoned.
The kobold throws a poisoned dart.
The poisoned dart hits you!
You are poisoned.
There is an open door here.
You feel sick.
You feel sick.
You feel sick.
You feel sick.
You feel sick.
You feel sick.
You are no longer poisoned.
The kobold throws a poisoned dart.
The poisoned dart hits you!
You are lethally poisoned!
* * * LOW HITPOINT WARNING * * *
You feel very sick. The kobold hits you but does no damage.
You miss the kobold.
* * * LOW HITPOINT WARNING * * *
You feel very sick. The kobold hits you but does no damage.
You barely miss the kobold. You headbutt the kobold.
You kill the kobold!
* * * LOW HITPOINT WARNING * * *
You feel sick.
You die...

. #.# #.. #K# #.. ####'##
#.#######+## #.....# #.##........
#.....# #.##........
#########.....######+#.##........
.....(.....#...).................
...........#####......########+##
...........'.# #@......#
...........#.# #.......#
......##########.......#
......#...≈g≈..........# ...
......#.8.≈≈≈..........# ....
......#8_8.............# .[...
#######.8.≈≈≈..........# .....
#...≈g≈..........####.....
########..#########........


There were no monsters in sight!

Vanquished Creatures
  An adder (D:2)
  A worm (D:2)
  3 dart slugs
  5 endoplasms
  3 giant cockroaches
  3 hobgoblins (D:1)
  2 jackals (D:1)
  2 quokkas
  3 ball pythons
  3 bats (D:1)
  2 frilled lizards (D:1)
  2 goblins
  7 kobolds
  5 rats
42 creatures vanquished.

Notes
Turn   | Place    | Note
-------+----------+-------------------------------------------
     0 | D:1      | chopper the Minotaur Fighter began the quest for the Orb.
     0 | D:1      | Reached XP level 1. HP: 19/19 MP: 0/0
   265 | D:1      | Reached XP level 2. HP: 16/27 MP: 1/1
  1117 | D:1      | Reached XP level 3. HP: 33/33 MP: 2/2
  1279 | D:2      | Found Opsimyel's Jewellery Emporium.
  2181 | D:3      | Found an iron altar of Okawaru.
  2359 | D:3      | HP: 1/33 [poisoned by a kobold]
  2360 | D:3      | Succumbed to a kobold's poison

Illustrated notes

Levels and vault maps discovered:
D:1:      lightli_arrival_statue_moat, layout_loops_corners
D:2:      layout_loops_ring, serial_shops, shop, minmay_tree_intersection,
          minmay_quantized
D:3:      layout_basic, kennysheep_okawaru_gauntlet

Skill      XL: |  1  2  3 |
---------------+----------+-----
Armour         | 4 |  4.3
Fighting       | 4 |  4.2
Axes           | 3 |  3.3
Shields        | 4 |  4.0
Dodging        | |  0.7

Action                   || total
-------------------------++-------
Melee: War axe           ||    77
       Headbutt          ||     8
  Use: Scroll            ||     5
Armor: Scale mail        ||    35
       Chain mail        ||    12
Dodge: Dodged            ||    40
Block: Buckler           ||    21

Table legend: (Time is in decaauts)
 A = Elapsed time spent in this place.
 B = Non-inter-level travel time spent in this place.
 C = Inter-level travel time spent in this place.
 D = Time resting spent in this place.
 E = Time spent auto-exploring this place.
 F = Levels seen in this place.
 G = Mean time per level.
                   A        B        C        D        E       F      G
               +--------+--------+--------+--------+--------+-----+--------+
         Total |   2388 |   2388 |      0 |    115 |      0 |   3 |  796.0 |
       Dungeon |   2388 |   2388 |      0 |    115 |      0 |   3 |  796.0 |
               +--------+--------+--------+--------+--------+-----+--------+

Top non-repeatable levels by time:
     D:1: 1212 daAuts
     D:2: 764 daAuts
     D:3: 411 daAuts
